 Dungeon Crawl Stone Soup version 0.30-a0-778-g2ef04afb54 (webtiles) character file.

Game seed: 8429491407720061550

5809 MackTheKnife the Fighter (level 10, -5/76 HPs)
             Began as a Vampire Wanderer on Feb 10, 2023.
             Was a Follower of Hepliaklqana.
             Slain by a gnoll sergeant
             ... wielding a +0 glaive
              (9 damage)
             ... in a bailey on Feb 16, 2023.
             The game lasted 00:12:53 (6945 turns).

MackTheKnife the Fighter (Vampire Wanderer)         Turns: 6945, Time: 00:12:53

Health: -5/76      AC: 14    Str:  9    XL:     10   Next: 50%
Magic:  11/13      EV: 14    Int: 18    God:    Hepliaklqana [*.....]
Gold:   548        SH:  0    Dex: 22    Spells: 10/13 levels left

rFire   . . .      SeeInvis +    k - +3 short sword (flame) {short}
rCold   . . .      Faith    .    (no shield)
rNeg    + . .      Spirit   .    q - +3 ring mail of Morality {Int+4 Slay+3}
rPois   .          Reflect  .    i - +0 helmet
rElec   +          Harm     .    B - +0 cloak
rCorr   .          Rampage  .    g - +0 pair of gloves "Abejaros" {rElec rN+ Int-4 Dex+5}
Will    +....                    y - +1 pair of boots
Stlth   ++++                     (no amulet)
HPRegen 0.52/turn                (no ring)
MPRegen 0.13/turn                (no ring)

@: healing quickly
A: reduced essence, alive, fangs 3, see invisible, vampiric 2
a: Exsanguinate, Renounce Religion, Recall Ancestor, Ancestor Identity


You were in a bailey.
You worshipped Hepliaklqana.
Hepliaklqana was aware of your devotion.
You visited 2 branches of the dungeon, and saw 10 of its levels.
You also visited: Bailey.

You collected 572 gold pieces.
You spent 24 gold pieces at shops.


Innate Abilities, Weirdness & Mutations

Your life essence is reduced to manifest your ancestor. (-10% HP)
Your natural rate of healing is accelerated.
You have razor-sharp teeth.
You have supernaturally acute eyesight. (SInv)
You are afflicted with vampirism and can become a bat while bloodless.


   Skills:
 + Level 9.8 Fighting
 - Level 7.9 Short Blades
 - Level 1.5 Throwing
 + Level 4.4 Armour
 + Level 6.3 Dodging
 - Level 8.0 Stealth
 - Level 2.0 Spellcasting
 - Level 1.0 Fire Magic
 - Level 1.0 Invocations


You had 10 spell levels left.
You knew the following spells:

 Your Spells              Type           Power      Damage    Failure   Level
a - Foxfire               Conj/Fire      12%        2x1d4     36%         1
b - Wereblood             Tmut           1%         N/A       56%         2

Your spell library contained the following spells:

 Spells                   Type           Power      Damage    Failure   Level
 Apportation              Tloc           2%         N/A       41%         1
 Necrotise                Necr           4%         1d4       41%         1
 Summon Small Mammal      Summ           4%         N/A       41%         1
 Sublimation of Blood     Necr           1%         N/A       56%         2
 Inner Flame              Hex/Fire       3%         N/A       73%         3
 Summon Guardian Golem    Hex/Summ       1%         N/A       80%         3
 Animate Armour           Summ/Erth      2%         N/A       99%         4
 Blade Hands              Tmut           0%         N/A       100%        5
 Iron Shot                Conj/Erth      0%         9d1       100%        6
 Orb of Destruction       Conj           0%         9d5       100%        7
 Spellforged Servitor     Conj/Summ      0%         N/A       100%        7
 Summon Hydra             Summ           0%         N/A       100%        7

Inventory:

Hand Weapons
 k - a +3 short sword of flaming (weapon) {short}
   (You took it off Maurice on level 8 of the Dungeon)
Missiles
 b - 3 curare-tipped darts (quivered) {=fthrowing}
 n - 10 poisoned darts {throwing}
Armour
 g - the +0 pair of gloves "Abejaros" (worn) {rElec rN+ Int-4 Dex+5}
   (You acquired it on level 8 of the Dungeon)

   Int:       It affects your intelligence (-4).
   Dex:       It affects your dexterity (+5).
   rElec:     It insulates you from electricity.
   rN:        It protects you from negative energy.
 i - a +0 helmet (worn)
   (You found it on level 1 of the Dungeon)
 q - the +3 ring mail of Morality (worn) {Int+4 Slay+3}
   (You found it on level 3 of the Dungeon)

   Int:       It affects your intelligence (+4).
   Slay:      It affects your accuracy & damage with ranged weapons and melee
   (+3).
 y - a +1 pair of boots (worn)
   (You found it on level 6 of the Dungeon)
 B - a +0 cloak (worn)
   (You found it on level 6 of the Dungeon)
Jewellery
 E - an amulet of the acrobat
   (You found it on level 6 of the Dungeon)
Wands
 a - a wand of quicksilver (6)
   (You found it on level 8 of the Dungeon)
 c - a wand of paralysis (4)
   (You took it off Psyche on level 8 of the Dungeon)
 A - a wand of flame (5)
   (You took it off Maurice on level 8 of the Dungeon)
Scrolls
 e - a scroll of blinking {!r}
 h - 2 scrolls of immolation {!r!r}
 l - a scroll of fear
 m - 3 scrolls of amnesia
 s - 2 scrolls of enchant weapon
 v - a scroll of teleportation {@r4}
 w - 2 scrolls of magic mapping {!r}
Potions
 d - 7 potions of curing {@q1}
 f - 4 potions of heal wounds {@q2}
 j - a potion of lignification {!q}
 o - a potion of flight {unknown}
 r - 2 potions of magic {unknown}
 t - 2 potions of haste {unknown}
 x - 2 potions of cancellation {unknown}
 z - a potion of might {unknown}
 G - a potion of experience {unknown}
 H - 2 potions of mutation {unknown}

Dungeon Overview and Level Annotations

Branches:
Dungeon (9/15) Zot: 26799  Temple (1/1) D:7 Zot: 5948  Bailey (1/1) Zot: 5910
   Lair: D:8-11         Orc: D:9-12

Altars:
Ashenzari
Cheibriados
Dithmenos
Fedhas
Hepliaklqana
Kikubaaqudgha
Makhleb
Nemelex Xobeh
Okawaru
Qazlal
Ru
Sif Muna
Trog
Uskayaw
Vehumet
Wu Jian
Xom
Yredelemnul

Shops:
D:1 *   D:8 =

Annotations:
D:8 3 runed translucent doors, tilp's ghost, novice MeFi

♣♣..≈..# #...##
♣♣...≈..######.....#
#♣♣♣.......'...#...$...
#∩..∩......'g)g'.).8...
#♣♣♣.......'.).#...$...
♣♣...≈.)######.....#
♣†..≈).# #...##
♣...≈)g# #### ♣♣).≈R@#
♣♣.≈).# ♣.≈..# ♣♣≈≈...#
♣♣≈≈≈≈≈≈≈ ♣♣♣♣♣♣♣♣♣


You could see the friendly Mackie the ancestor and a gnoll sergeant (ally
target).


Message History

The gnoll hits you but does no damage.
The gnoll bouda barks out a call to the hunt!
The gnoll picks up the pace! 😨 HP[-10]
You take 10 damage, and now have 36/76 hp.
Aiming: Paralyse
Press: ? - help, Shift-Dir - straight line, f - gnoll sergeant
Aim: a gnoll sergeant, wielding a +0 glaive and wearing a +0 chain mail (covering ground quickly, chance to affect: 49%)
The gnoll sergeant suddenly stops moving!
The gnoll bouda gazes fiercely through you!
You feel your attacks grow feeble.
Unknown command.
The gnoll hits you from afar with a +0 trident.
* * * LOW HITPOINT WARNING * * *
The gnoll hits you from afar with a +0 trident!
* * * LOW HITPOINT WARNING * * *
The gnoll sergeant closely misses you.
Things that are here:
a +0 spear {polearm}; a throwing net {=f!fthrowing}; a +0 chain mail 😨 HP[-11]
You take 11 damage, and now have 25/76 hp.
The helpless gnoll sergeant fails to defend itself.
You perforate the gnoll sergeant like a sieve!!!
You burn the gnoll sergeant.
You kill the gnoll sergeant!
The gnoll hits you but does no damage. The gnoll barely misses you.
The gnoll sergeant completely misses you.
Items here: ( ) [ †. 😨 HP[+1]
The gnoll bouda hits you but does no damage.
The gnoll closely misses you.
The gnoll bouda attacks as you move away!
The gnoll bouda hits you with a +0 halberd.
* * * LOW HITPOINT WARNING * * *
The gnoll bouda calls upon its god to heal the gnoll.
The gnoll is healed somewhat.
There is an open gate here. 😨 HP[-2]
You take 2 damage, and now have 24/76 hp.
Your attacks no longer feel as feeble.
The gnoll bouda calls upon its god to heal the gnoll.
The gnoll is healed somewhat. 😨 HP[+1] 😨 HP[+1]
The gnoll misses you.
Aiming: Quicksilver Bolt
Press: ? - help, Shift-Dir - straight line
Okay, then. 😨 HP[+1]
The gnoll barely misses you.
You barely miss the gnoll. The gnoll barely misses you. 😨 HP[+1]
Aiming: Quicksilver Bolt
Press: ? - help, Shift-Dir - straight line, f - gnoll bouda
Aim: a gnoll bouda, wielding a +0 halberd and wearing a +0 scale mail (79% to hit)
The bolt of dispelling energy misses the gnoll.
The bolt of dispelling energy hits the gnoll sergeant.
The bolt of dispelling energy hits the gnoll bouda!
Aiming: Quicksilver Bolt
Press: ? - help, Shift-Dir - straight line, f - gnoll, p - gnoll bouda
Aim: a gnoll, wielding a +0 trident and wearing a +0 scale mail (79% to hit)
The bolt of dispelling energy hits the gnoll sergeant but does no damage.
The bolt of dispelling energy hits the gnoll bouda!
You kill the gnoll bouda!
The bolt of dispelling energy hits the gnoll!
The gnoll is no longer moving quickly.
The gnoll hits you with a +0 trident.
* * * LOW HITPOINT WARNING * * *
The gnoll sergeant closely misses you. 😨 HP[-3]
You take 3 damage, and now have 25/76 hp.
You hit the gnoll. You burn the gnoll. You punch the gnoll.
The gnoll barely misses you.
You barely miss the gnoll.
The gnoll sergeant hits you from afar with a +0 glaive!
* * * LOW HITPOINT WARNING * * *
😱 HP[-7]
You take 7 damage, and now have 18/76 hp.
Mackie is recalled.
The gnoll hits you but does no damage.
The gnoll sergeant hits you from afar with a +0 glaive.
* * * LOW HITPOINT WARNING * * *
😱 HP[-5] MP[-2]
You take 5 damage, and now have 13/76 hp.
You lost 2 mp, and now have 11/13 mp.
Unknown command.
Unknown command.
You hit the gnoll but do no damage. You bite the gnoll, but do no damage.
The gnoll barely misses you.
Mackie hits the gnoll!
The gnoll dies!
Unknown command.
The gnoll sergeant hits you with a +0 glaive!
* * * LOW HITPOINT WARNING * * *
The gnoll hits you but does no damage.
Mackie closely misses the gnoll. 😱 HP[-9]
You take 9 damage, and now have 4/76 hp.
Unknown command.
You barely miss the gnoll. You bite the gnoll.
You kill the gnoll!
The gnoll sergeant hits you with a +0 glaive!
You die...

Skill      XL: |  1  2  3  4  5  6  7  8  9 10 |
---------------+-------------------------------+-----
Stealth        | 3 4 6 7 8 |  8.0
Fighting       | 2 3 5 6 8 9 |  9.8
Short Blades   | 2 4 5 7 |  7.9
Armour         | 1 4 |  4.4
Dodging        | 3 6 |  6.3
Throwing       | |  1.5
Spellcasting   | |  2.0
Fire Magic     | |  1.0
Invocations    | |  1.0

Action                     |  1- 3 |  4- 6 |  7- 9 | 10-12 || total
---------------------------+-------+-------+-------+-------++-------
  Melee: Dagger            |   117 |    83 |   257 |       ||   457
         Bite              |    10 |     9 |    40 |    27 ||    86
         Punch             |     1 |       |     6 |     3 ||    10
         Unarmed           |       |    11 |       |       ||    11
         Short sword       |       |       |     1 |   158 ||   159
   Cast: Foxfire           |     4 |     5 |     6 |       ||    15
 Invoke: Recall Ancestor   |       |       |       |     2 ||     2
         Ancestor Identity |       |       |       |     1 ||     1
  Evoke: Wand              |       |     2 |     6 |     4 ||    12
    Use: Scroll            |     4 |       |     4 |     9 ||    17
         Potion            |       |     2 |     1 |       ||     3
   Stab: Sleeping          |     6 |     8 |    10 |     1 ||    25
         Distracted        |       |       |     1 |       ||     1
         Confused          |       |       |     1 |       ||     1
         Paralysed         |       |       |       |     1 ||     1
 Armour: Robe              |    23 |    14 |       |       ||    37
         Ring mail         |       |    14 |    99 |    63 ||   176
         Skin              |       |    31 |       |       ||    31
  Dodge: Dodged            |    73 |    54 |    95 |   106 ||   328

Levels and vault maps discovered:
D:1:      nicolae_arrival_memento_mori, layout_rooms, serial_shops, shop
D:2:      layout_loops_corners
D:3:      wander_river, layout_basic, nicolae_tso_carved_into_rock,
          minmay_cupped
D:4:      layout_rooms, elyvilon_altar_1, uniq_grinder
D:5:      layout_basic, kennysheep_small_circle, uniq_edmund
D:6:      nicolae_whirlpool, layout_basic, grunt_ministairs_2
D:7:      layout_loops_ring, nzn_wu_jian_contemplation, temple_doors_ab,
          minmay_misc_feat_nine_boxes
D:8:      layout_loops_ring, nicolae_vehumet_radiance,
          mainiacjoe_overflow_concentric_impassable,
          nemelex_diamond_rough_becter, gammafunk_ghost_hydra_chop,
          serial_shops, nicolae_stop_n_shop_1, dreamdust_mushroom_princess,
          chequers_serial_rivers_micro_e, hangedman_misty_isle, uniq_psyche,
          uniq_maurice
D:9:      layout_cave_pools, enter_bailey_5, chequers_serial_rivers_large_a
Temple:   hellmonk_temple_divided_pantheon
Bailey:   bailey_polearm_gnolls_kennysheep, bailey

Notes
Turn   | Place    | Note
-------+----------+-------------------------------------------
     0 | D:1      | MackTheKnife the Vampire Wanderer began the quest for the
                  | Orb.
     0 | D:1      | MackTheKnife set off with the following items: a +2 dagger
                  | {short}, 3 curare-tipped darts {=fthrowing}, a +0 pair of
                  | gloves, a potion of curing {@q1}, a +0 robe; and the
                  | following spell memorised: Foxfire; and the following
                  | spells available to memorise: Inner Flame.
     0 | D:1      | Reached XP level 1. HP: 15/15 MP: 3/3
     0 | D:1      | Upgraded the game from 0.30-a0-760-g5a9884bb7c to
                  | 0.30-a0-778-g2ef04afb54
     0 | D:1      | magus.rc [v1.9.6]
    15 | D:1      | Reached skill level 2 in Stealth
    42 | D:1      | Reached skill level 3 in Stealth
    43 | D:1      | Reached XP level 2. HP: 12/21 MP: 0/5
   158 | D:1      | Reached skill level 4 in Stealth
   313 | D:1      | Gained mutation: You are afflicted with vampirism and can
                  | become a bat while bloodless. [Vampire growth]
   313 | D:1      | Reached XP level 3. HP: 26/26 MP: 6/6
   406 | D:1      | Found Qumont's General Store.
   410 | D:1      | Reached skill level 5 in Stealth
   420 | D:1      | Bought a scroll of identify for 24 gold pieces
  1065 | D:2      | Reached skill level 6 in Stealth
  1263 | D:2      | Reached XP level 4. HP: 32/32 MP: 7/7
  1652 | D:3      | Reached skill level 7 in Stealth
  1662 | D:3      | Reached XP level 5. HP: 22/37 MP: 1/8
  1667 | D:3      | Reached skill level 8 in Stealth
  1732 | D:3      | Identified the +3 ring mail of Morality {Int+4 Slay+3}
  1951 | D:3      | You pick up a book of Cantrips and begin reading...
  1951 | D:3      | You add the spells Necrotise, Summon Small Mammal and
                  | Apportation to your library.
  2185 | D:4      | Noticed an ogre
  2191 | D:4      | Killed an ogre
  2192 | D:4      | Reached skill level 2 in Fighting
  2192 | D:4      | Reached skill level 2 in Short Blades
  2199 | D:4      | Reached XP level 6. HP: 46/46 MP: 9/9
  2250 | D:4      | Noticed Grinder
  2275 | D:4      | Paralysed by Grinder for 3 turns
  2280 | D:4      | Paralysed by Grinder for 4 turns
  2296 | D:4      | Killed Grinder
  2297 | D:4      | Reached skill level 3 in Fighting
  2297 | D:4      | Reached skill level 4 in Short Blades
  2297 | D:4      | Reached XP level 7. HP: 52/52 MP: 10/10
  2746 | D:5      | Entered Level 5 of the Dungeon
  2900 | D:5      | Noticed Edmund
  2906 | D:5      | Killed Edmund
  2907 | D:5      | Reached skill level 4 in Fighting
  3056 | D:5      | Reached skill level 5 in Short Blades
  3604 | D:6      | Noticed a yak
  3621 | D:5      | Reached skill level 5 in Fighting
  3646 | D:5      | Reached XP level 8. HP: 19/57 MP: 11/11
  3648 | D:5      | Reached skill level 6 in Short Blades
  3868 | D:6      | You pick up a book of Blood and begin reading...
  3868 | D:6      | You add the spells Sublimation of Blood, Wereblood and
                  | Summon Hydra to your library.
  3958 | D:6      | magus.rc [v1.9.6]
  3970 | D:6      | Reached skill level 6 in Fighting
  3970 | D:6      | Reached skill level 7 in Short Blades
  4182 | D:6      | You pick up a book of Iron and begin reading...
  4182 | D:6      | You add the spells Animate Armour, Blade Hands and Iron
                  | Shot to your library.
  4493 | D:6      | Reached skill level 1 in Armour
  4493 | D:6      | Reached XP level 9. HP: 67/71 MP: 9/12
  4501 | D:6      | Reached skill level 7 in Fighting
  4804 | D:7      | Found a staircase to the Ecumenical Temple.
  4809 | Temple   | Entered the Ecumenical Temple
  4809 | Temple   | Found a transporter.
  4809 | Temple   | Found a transporter.
  4811 | Temple   | Found a transporter.
  4811 | Temple   | Found a transporter.
  4839 | Temple   | Became a worshipper of Hepliaklqana the Forgotten
  4888 | D:7      | Reached skill level 2 in Armour
  5093 | D:7      | Reached skill level 3 in Armour
  5299 | D:7      | Found an ornate altar of the Wu Jian Council.
  5462 | D:8      | magus.rc [v1.9.6]
  5472 | D:8      | Noticed a two-headed ogre
  5474 | D:8      | Found Mepsom's Jewellery Shop.
  5479 | D:8      | Killed a two-headed ogre
  5480 | D:8      | Reached skill level 8 in Fighting
  5480 | D:8      | Reached skill level 4 in Armour
  5489 | D:8      | Found a basalt altar of Yredelemnul.
  5500 | D:8      | Learned a level 2 spell: Wereblood
  5510 | D:8      | Noticed Maurice
  5539 | D:8      | Killed Maurice
  5540 | D:8      | Reached skill level 3 in Dodging
  5668 | D:8      | Reached XP level 10. HP: 82/82 MP: 13/13
  5711 | D:8      | Reached * piety under Hepliaklqana
  5759 | D:8      | Found a radiant altar of Vehumet.
  5780 | D:8      | Reached skill level 4 in Dodging
  5790 | D:8      | Reached skill level 9 in Fighting
  6112 | D:8      | Identified a scroll of acquirement
  6112 | D:8      | Acquired the +0 pair of gloves "Abejaros" {rElec rN+ Int-4
                  | Dex+5}
  6139 | D:8      | You pick up a book of Dangerous Friends and begin
                  | reading...
  6139 | D:8      | You add the spells Summon Guardian Golem, Orb of
                  | Destruction and Spellforged Servitor to your library.
  6238 | D:8      | Reached skill level 5 in Dodging
  6257 | D:8      | Noticed Psyche
  6265 | D:8      | Killed Psyche
  6380 | D:8      | Found a runed translucent gate.
  6382 | D:8      | Found a runed translucent gate.
  6382 | D:8      | Noticed tilp's ghost (novice MeFi)
  6383 | D:8      | Found a runed translucent gate.
  6385 | D:8      | Noticed a ten-headed hydra
  6443 | D:8      | Found a sparkling altar of Nemelex Xobeh.
  6678 | D:9      | Reached skill level 6 in Dodging
  6833 | D:9      | Found a flagged portal.
  6843 | Bailey   | Entered a bailey
  6941 | Bailey   | HP: 18/76 [gnoll sergeant/+0 glaive (7)]
  6944 | Bailey   | HP: 4/76 [gnoll sergeant/+0 glaive (10)]
  6945 | Bailey   | Slain by a gnoll sergeant

Vanquished Creatures
  A two-headed ogre (D:8)
  Maurice (D:8)
  Psyche (D:8)
  A troll (D:9)
  A hornet (D:7)
  Grinder (D:4)
  5 yaks
  4 steam dragons (D:8)
  Edmund (D:5)
  An orc warrior (D:7)
  3 sky beasts (D:8)
  2 ice beasts
  2 black bears
  2 ogres
  4 centaurs
  A kobold brigand (D:8)
  2 bullfrogs
  3 scorpions
  A gnoll sergeant (Bailey)
  2 necrophages
  3 wights (D:5)
  A killer bee (D:8)
  2 howler monkeys
  5 hounds
  A gnoll bouda (Bailey)
  5 orc wizards
  6 gnolls (Bailey)
  6 adders
  2 shadow imps
  A white imp (D:5)
  2 ufetubi
  A worm (D:4)
  8 dart slugs
  14 orcs
  9 endoplasms
  4 giant cockroaches
  11 goblins
  9 hobgoblins
  4 jackals
  6 kobolds
  3 quokkas
  2 ball pythons
  4 bats
  3 frilled lizards
  5 rats
156 creatures vanquished.

Vanquished Creatures (collateral kills)
  A howler monkey (D:8)
  A jelly (D:8)
  An orc wizard (D:8)
  A gnoll (Bailey)
  An orc (D:8)
  A goblin (D:9)
6 creatures vanquished.

Vanquished Creatures (others)
  An ancestor (D:9)
  22 foxfires
  8 fungi (D:8)
  3 plants (D:8)
34 creatures vanquished.

Grand Total: 196 creatures vanquished

Table legend:
 A = Non-vault XP
 B = Vault XP
 C = Vault XP percentage of total XP
 D = Non-vault monster count
 E = Vault monster count
 F = Vault count percentage of total count
                 A         B        C        D         E       F
            +---------+---------+-------+---------+---------+-------
      Total |    5338 |    2975 |  35.8 |     133 |      29 |  17.9
            +---------+---------+-------+---------+---------+-------
        D:1 |      49 |       0 |   0.0 |      25 |       0 |   0.0
        D:2 |      57 |       0 |   0.0 |      23 |       0 |   0.0
        D:3 |      93 |      44 |  32.1 |      19 |       2 |   9.5
        D:4 |     269 |     281 |  51.1 |      11 |       1 |   8.3
        D:5 |     567 |     342 |  37.6 |      12 |       3 |  20.0
        D:6 |     910 |     347 |  27.6 |      10 |       3 |  23.1
        D:7 |     970 |       0 |   0.0 |      11 |       0 |   0.0
        D:8 |    1916 |    1653 |  46.3 |      20 |       8 |  28.6
        D:9 |     507 |       2 |   0.4 |       2 |       1 |  33.3
     Bailey |       0 |     306 | 100.0 |       0 |      11 | 100.0
            +---------+---------+-------+---------+---------+-------

Illustrated notes

Table legend:
 A = Kills in this place as a percentage of kills in entire the game.
 B = Kills by you in this place as a percentage of kills by you in the entire game.
 C = Kills by friends in this place as a percentage of kills by friends in the entire game.
 D = Other kills in this place as a percentage of other kills in the entire game.
 E = Experience gained in this place as a percentage of experience gained in the entire game.
 F = Experience gained in this place divided by the number of levels of this place that you have seen.
                   A       B       C       D       E      F
               +-------+-------+-------+-------+-------+----------------------
         Total | 100.0 | 100.0 | 100.0 |   N/A | 100.0 | 755.7
       Dungeon |  93.2 |  93.6 |  83.3 |   N/A |  96.3 | 889.7
        Bailey |   6.8 |   6.4 |  16.7 |   N/A |   3.7 | 306.0
               +-------+-------+-------+-------+-------+----------------------

Table legend: (Time is in decaauts)
 A = Elapsed time spent in this place.
 B = Non-inter-level travel time spent in this place.
 C = Inter-level travel time spent in this place.
 D = Time resting spent in this place.
 E = Time spent auto-exploring this place.
 F = Levels seen in this place.
 G = Mean time per level.
                   A        B        C        D        E       F      G
               +--------+--------+--------+--------+--------+-----+--------+
         Total |   6841 |   6582 |    259 |    733 |   4360 |  11 |  621.9 |
       Dungeon |   6700 |   6441 |    259 |    710 |   4357 |   9 |  744.4 |
        Temple |     51 |     51 |      0 |      0 |      0 |   1 |   51.0 |
        Bailey |     89 |     89 |      0 |     23 |      3 |   1 |   89.0 |
               +--------+--------+--------+--------+--------+-----+--------+

Top non-repeatable levels by time:
     D:8: 1238 daAuts
     D:5: 1044 daAuts
     D:6: 823 daAuts
     D:2: 820 daAuts
     D:3: 816 daAuts
     D:7: 728 daAuts
     D:1: 597 daAuts
     D:4: 565 daAuts
  Bailey: 89 daAuts
     D:9: 66 daAuts
  Temple: 51 daAuts
